 Dungeon Crawl Stone Soup version 0.27-a0-819-g058290f16d (webtiles) character file.

Game seed: 12595032097842150506

293 polve the Chopper (level 6, -1/47 HPs)
             Began as a Demonspawn Abyssal Knight on Mar 29, 2021.
             Was a Believer of Lugonu.
             Slain by a rat (3 damage)
             ... on level 3 of the Dungeon.
             The game lasted 00:03:46 (4864 turns).

polve the Chopper (Demonspawn Abyssal Knight)       Turns: 4864, Time: 00:03:46

Health: -1/47      AC:  3    Str: 15    XL:     6   Next: 11%
Magic:  7/7        EV: 11    Int: 13    God:    Lugonu [**....]
Gold:   183        SH:  0    Dex: 12    Spells: 4/5 levels left

rFire    . . .     SeeInvis .   a - +1 hand axe
rCold    . . .     Faith    .   (no shield)
rNeg     . . .     Spirit   .   (no armour)
rPois    .         Reflect  .   (no helmet)
rElec    .         Harm     .   (no cloak)
rCorr    .         Rampage  .   k - +0 pair of gloves
Will     .....                  (no boots)
Stlth    +.........             l - amulet of magic regeneration
HPRegen  0.15/turn              p - ring of fire
MPRegen  0.35/turn              r - ring of ice

@: no status effects
A: claws 1, thin metallic scales 1, demonic magic 1
a: Renounce Religion, Depart the Abyss, Bend Space


You were on level 3 of the Dungeon.
You worshipped Lugonu.
Lugonu was pleased with you.
You visited 1 branch of the dungeon, and saw 3 of its levels.
You visited the Abyss 1 time.

You collected 201 gold pieces.
You spent 18 gold pieces at shops.

Inventory:

Hand Weapons
 a - a +1 hand axe (weapon)
Armour
 b - a +0 leather armour
 i - a +0 scale mail
 k - a +0 pair of gloves (worn)
Jewellery
 l - an amulet of magic regeneration (around neck)
 p - a ring of fire (left hand)
 r - a ring of ice (right hand)
Scrolls
 c - a scroll of silence {unknown}
 d - a scroll of summoning {unknown}
 e - a scroll of amnesia {unknown}
 f - 2 scrolls of enchant armour {unknown}
 g - a scroll of fog {unknown}
 j - a scroll of enchant weapon {unknown}
 m - a scroll of identify {unknown}
Potions
 h - 2 potions of degeneration {unknown}
 n - 2 potions of lignification {unknown}
 o - 2 potions of curing {unknown}
 q - a potion of attraction {unknown}
 s - 3 potions of ambrosia {unknown}


   Skills:
 - Level 3.0 Fighting
 - Level 4.2 Axes
 - Level 1.7 Armour
 - Level 0.8 Dodging
 + Level 4.2 Hexes
 - Level 2.4 Invocations


You had 4 spell levels left.
You knew the following spells:

 Your Spells              Type           Power      Damage    Failure   Level
a - Corona                Hex            12%        N/A       5%          1

Your spell library contained the following spells:

 Spells                   Type           Power      Damage    Failure   Level
 Animate Skeleton         Necr           0%         N/A       30%         1
 Apportation              Tloc           0%         N/A       30%         1
 Summon Small Mammal      Summ           0%         N/A       30%         1


Dungeon Overview and Level Annotations

Branches:
Dungeon (3/15)

Altars:
Fedhas
Trog
Vehumet

Shops:
D:3 [:**


Innate Abilities, Weirdness & Mutations

You have sharp fingernails.
You are partially covered in thin metallic scales. (AC +2)
Spells you cast may paralyse adjacent enemies.


Message History

The rat twitches its whiskers.
The rat misses you. The rat bites you.
* * * LOW HITPOINT WARNING * * *
The rat misses you. The rat misses you. The rat bites you.
* * * LOW HITPOINT WARNING * * *
The rat bites you but does no damage. The rat closely misses you.
The rat bites you but does no damage. The rat barely misses you.
The rat bites you.
* * * LOW HITPOINT WARNING * * *
The rat barely misses you. The rat bites you but does no damage.
The rat bites you but does no damage.
The rat twitches its whiskers.
The rat bites you.
* * * LOW HITPOINT WARNING * * *
The rat barely misses you. The rat closely misses you. The rat bites you.
* * * LOW HITPOINT WARNING * * *
The rat closely misses you. The rat closely misses you. The rat bites you.
* * * LOW HITPOINT WARNING * * *
The rat bites you but does no damage. The rat bites you but does no damage.
The rat completely misses you. The rat closely misses you. The rat bites you.
* * * LOW HITPOINT WARNING * * *
The rat closely misses you. The rat bites you.
* * * LOW HITPOINT WARNING * * *
The rat closely misses you. The rat bites you.
You die...

####............# ##.##.#.#######
## #............###<..#)#.......#
.# #.....)#...........#.#######.#
.# ######.#>..........#.# #.# .#
#.#############.# #.# .#
#...............# #.#
.##############################.#
........##.# #.r......#.......#
#.......##.# #@# #.#.#######
+..........#####.######.#.#<#
#.......##.##........##.#.#.#####
#.......##.##........##.#.#.#....
#.......##.##........##.#.#.#.###
#.......##.##........##.#.#.#.#
##########.##........##.#.#.#.#
#.##........##.#.#.#.#
##########.##.............#...#


You could see a rat.

Vanquished Creatures
  The ghost of ThereIsNoGod the Shield-Bearer, an amateur OpFi of Cheibriados (D:3)
  An orc priest (D:3)
  5 adders
  3 worms
  A dart slug (D:3)
  9 orcs (D:3)
  7 ball pythons
  2 endoplasms
  A giant cockroach (D:1)
  6 goblins
  7 hobgoblins
  5 jackals
  10 kobolds
  3 quokkas (D:2)
  7 bats
  8 frilled lizards
  5 rats
81 creatures vanquished.

Notes
Turn   | Place    | Note
-------+----------+-------------------------------------------
     0 | Abyss:1  | polve the Demonspawn Abyssal Knight began the quest for the
                  | Orb.
     0 | Abyss:1  | Reached XP level 1. HP: 18/18 MP: 2/2
   108 | Abyss:1  | Noticed a small abomination
   123 | Abyss:1  | Noticed a chaos spawn
   147 | Abyss:1  | Noticed an ettin skeleton
   167 | Abyss:1  | Noticed a small abomination
   194 | Abyss:1  | Noticed a small abomination
   196 | Abyss:1  | Noticed a large abomination
   197 | D:1      | Escaped the Abyss
   448 | D:1      | Gained mutation: Spells you cast may paralyse adjacent
                  | enemies. [demonic ancestry]
   448 | D:1      | Reached XP level 2. HP: 16/24 MP: 3/3
   671 | D:1      | Reached * piety under Lugonu
  1328 | D:1      | Reached XP level 3. HP: 12/26 MP: 4/4
  2029 | D:2      | Reached ** piety under Lugonu
  2300 | D:2      | Reached XP level 4. HP: 20/33 MP: 5/5
  2775 | D:2      | Found a radiant altar of Vehumet.
  2775 | D:2      | Found a bloodstained altar of Trog.
  2775 | D:2      | Found a blossoming altar of Fedhas.
  3205 | D:3      | Found Coxietri's Assorted Antiques.
  3227 | D:3      | Bought a scroll labelled ILOTWO RAEWO for 18 gold pieces
  3413 | D:3      | Learned a level 1 spell: Corona
  3497 | D:3      | Found Seoriam's Book Shoppe.
  3709 | D:3      | Found a runed translucent gate.
  3710 | D:3      | Found a runed translucent gate.
  3710 | D:3      | Noticed ThereIsNoGod's ghost (amateur OpFi)
  3711 | D:3      | Found a runed translucent gate.
  3750 | D:3      | Killed ThereIsNoGod's ghost
  3751 | D:3      | Gained mutation: You are partially covered in thin metallic
                  | scales. (AC +2) [demonic ancestry]
  3751 | D:3      | Reached XP level 5. HP: 29/41 MP: 6/6
  4288 | D:3      | Gained mutation: You have sharp fingernails. [demonic
                  | ancestry]
  4288 | D:3      | Reached XP level 6. HP: 43/47 MP: 7/7
  4322 | D:3      | Found Sodeomos's Armour Shoppe.
  4446 | D:3      | Found Ilub's Assorted Antiques.
  4855 | D:3      | HP: 2/47 [rat (1)]
  4860 | D:3      | HP: 2/47 [rat (1)]
  4864 | D:3      | Slain by a rat

Illustrated notes

Levels and vault maps discovered:
D:1:      wander_arrival_peaceful_grave, layout_basic, serial_rivers,
          chequers_serial_rivers_room_b, chequers_serial_rivers_large_b,
          chequers_serial_rivers_room_b, chequers_serial_rivers_micro_c,
          chequers_serial_rivers_micro_c, kennysheep_minor_cross, st_stairs_4,
          minmay_octomino_c4
D:2:      minmay_spotlight, layout_basic, gammafunk_temple_overflow_claw
D:3:      layout_basic, gammafunk_ghost_split, serial_shops, shop,
          shop_fountains, shop, shop, wander_ebering_terrifying_dragon_lair

Skill      XL: |  1  2  3  4  5 |
---------------+----------------+-----
Axes           | 2 3 4 |  4.2
Hexes          | 3 4 |  4.2
Fighting       | |  3.0
Armour         | |  1.7
Dodging        | |  0.8
Invocations    | |  2.4

Action                   |  1- 3 |  4- 6 || total
-------------------------+-------+-------++-------
Melee: Hand axe          |   132 |   119 ||   251
Invok: Depart the Abyss  |     1 |       ||     1
  Use: Potion            |       |     2 ||     2
       Scroll            |       |     1 ||     1
Armor: Leather armour    |    27 |       ||    27
       Scale mail        |    21 |   117 ||   138
       Skin              |       |    25 ||    25
Dodge: Dodged            |   102 |   204 ||   306

Table legend: (Time is in decaauts)
 A = Elapsed time spent in this place.
 B = Non-inter-level travel time spent in this place.
 C = Inter-level travel time spent in this place.
 D = Time resting spent in this place.
 E = Time spent auto-exploring this place.
 F = Levels seen in this place.
 G = Mean time per level.
                   A        B        C        D        E       F      G
               +--------+--------+--------+--------+--------+-----+--------+
         Total |   4928 |   4800 |    128 |      0 |   3861 |   4 | 1232.0 |
       Dungeon |   4731 |   4603 |    128 |      0 |   3754 |   3 | 1577.0 |
         Abyss |    197 |    197 |      0 |      0 |    107 |   1 |  197.0 |
               +--------+--------+--------+--------+--------+-----+--------+

Top non-repeatable levels by time:
     D:3: 1665 daAuts
     D:1: 1644 daAuts
     D:2: 1421 daAuts
 Abyss:1: 197 daAuts
